 Dungeon Crawl Stone Soup version 0.29-a0-817-g9904bce7a6 (console) character file.

Game seed: 1668372371284552873

169 om the Magician (level 5, -2/37 HPs)
             Began as a Gnoll Hedge Wizard on July 5, 2022.
             Slain by an orc
             ... wielding a +0 flail
              (9 damage)
             ... on level 3 of the Dungeon.
             The game lasted 00:05:19 (3057 turns).

om the Magician (Gnoll Hedge Wizard)                Turns: 3057, Time: 00:05:20

Health: -2/37      AC:  2    Str: 11    XL:     5   Next: 50%
Magic:  10/14      EV: 13    Int: 14    God:
Gold:   181        SH:  0    Dex: 11    Spells: 6/18 levels left

rFire   . . .      SeeInvis .   i - +2 whip (venom)
rCold   . . .      Faith    .   (no shield)
rNeg    . . .      Spirit   .   b - +0 robe
rPois   .          Reflect  .   c - +0 hat
rElec   .          Harm     .   (no cloak)
rCorr   .          Rampage  .   (no gloves)
Will    .....                   (no boots)
Stlth   ++........              (no amulet)
HPRegen 0.12/turn               (no ring)
MPRegen 0.14/turn               (no ring)

@: on blink cooldown
A: fangs 1, strong nose, distributed training
a: no special abilities


You were on level 3 of the Dungeon.
You visited 1 branch of the dungeon, and saw 3 of its levels.

You collected 181 gold pieces.

Inventory:

Hand Weapons
 a - a +0 dagger
 i - a +2 whip of venom (weapon)
 l - a +0 dagger of venom
Armour
 b - a +0 robe (worn)
 c - a +0 hat (worn)
Scrolls
 f - 2 scrolls of fog {unknown}
 g - 2 scrolls of amnesia {unknown}
 h - a scroll of vulnerability {unknown}
 k - 2 scrolls of identify {unknown}
 n - a scroll of teleportation {unknown}
Potions
 d - 2 potions of magic
 e - a potion of might {unknown}
 j - a potion of flight {unknown}


   Skills:
 + Level 1.6 Fighting
 + Level 1.6 Short Blades
 + Level 1.6 Long Blades
 + Level 1.6 Axes
 + Level 1.6 Maces & Flails
 + Level 1.6 Polearms
 + Level 1.6 Staves
 + Level 1.6 Ranged Weapons
 + Level 1.6 Throwing
 + Level 1.6 Armour
 + Level 4.8 Dodging
 + Level 4.4 Stealth
 + Level 1.6 Shields
 + Level 1.6 Unarmed Combat
 + Level 7.3 Spellcasting
 + Level 2.4 Conjurations
 + Level 1.2 Hexes
 + Level 2.4 Summonings
 + Level 1.2 Necromancy
 + Level 2.4 Translocations
 + Level 1.2 Transmutations
 + Level 1.2 Fire Magic
 + Level 1.2 Ice Magic
 + Level 1.2 Air Magic
 + Level 1.2 Earth Magic
 + Level 1.2 Poison Magic
 + Level 1.8 Invocations
 + Level 1.6 Evocations


You had 6 spell levels left.
You knew the following spells:

 Your Spells              Type           Power      Damage    Failure   Level
a - Magic Dart            Conj           48%        1d5       4%          1
b - Blink                 Tloc           24%        N/A       8%          2
c - Call Imp              Summ           12%        N/A       8%          2
d - Slow                  Hex            32%        N/A       9%          1
e - Conjure Flame         Conj/Fire      10%        6-21      19%         3
f - Mephitic Cloud        Conj/Pois/Air  9%         N/A       21%         3

Your spell library contained the following spells:

 Spells                   Type           Power      Damage    Failure   Level
 Ensorcelled Hibernation  Hex/Ice        16%        N/A       12%         2
 Spider Form              Tmut/Pois      8%         N/A       24%         3
 Anguish                  Hex/Necr       4%         N/A       63%         4


Dungeon Overview and Level Annotations

Branches:
Dungeon (3/15)

Altars:


Innate Abilities, Weirdness & Mutations

You have very sharp teeth.
Your uncanny sense of smell can sniff out nearby items.
Your experience applies equally to all skills.


Message History

You closely miss the adder. The adder misses you.
The orc hits you with a +0 flail. The adder bites you.
You are poisoned.
The adder poisons you!
You hit the adder.
The adder is poisoned.
Your bite misses the adder.
The adder is severely wounded.
You feel sick. The adder bites you. The orc hits you with a +0 flail!
* * * LOW HITPOINT WARNING * * *
You are too injured to fight recklessly!
Unknown command.
Unknown command.
It was a potion of curing.
You feel better. The adder bites you. The orc hits you with a +0 flail.
Casting: Magic Dart (safe; 4% risk of failure)
Confirm with . or Enter, or press ? or * to list all spells.
You blink.
An orc comes into view. It is wielding a +0 mace of protection.
Found a chain mail.
The orc shouts!
The orc throws a boomerang.
The boomerang barely misses you. The adder closely misses you.
Casting: Blink (safe; 8% risk of failure)
Confirm with . or Enter, or press ? or * to list all spells.
A beastly little devil appears in a puff of flame.
The adder barely misses you. The orc misses you.
Casting: Call Imp (safe; 8% risk of failure)
Confirm with . or Enter, or press ? or * to list all spells.
Okay, then.
The adder bites you.
* * * LOW HITPOINT WARNING * * *
You are poisoned.
The adder poisons you! The orc closely misses you.
You feel sick. The orc hits you with a +0 flail.
* * * LOW HITPOINT WARNING * * *
The adder barely misses you.
You feel better. The adder barely misses you. The orc hits you with a +0 flail!
* * * LOW HITPOINT WARNING * * *
The orc hits your crimson imp but does no damage.
Your crimson imp misses the adder.
The adder attacks as you move away! The adder bites you.
* * * LOW HITPOINT WARNING * * *
The orc attacks as you move away! The orc hits you with a +0 flail!
You die...

#[.# #..# ###...
....# #...# #
#.#.##
..#.###....####
....oBo5S@....#
##......o.....# ##
....###..###..#...
###.# #..# ....#
###. ##.###..###
#.. #......####
#.# ###.##....#
#<# ##.....#.# #.#
#......... #.#
#.###.#.##
#.#######.# .# #


You could see an adder (poisoned, ally target), 3 orcs, a giant cockroach and a
friendly crimson imp (summoned).

Vanquished Creatures
  Natasha (thrice) (D:2)
  3 gnolls (D:2)
  An adder (D:2)
  2 worms (D:2)
  2 bats
  4 endoplasms
  3 giant cockroaches
  5 goblins
  3 hobgoblins
  7 jackals (D:1)
  2 quokkas
  2 ball pythons
  2 frilled lizards (D:1)
  3 kobolds (D:1)
  9 rats
51 creatures vanquished.

Notes
Turn   | Place    | Note
-------+----------+-------------------------------------------
     0 | D:1      | om the Gnoll Hedge Wizard began the quest for the Orb.
     0 | D:1      | Reached XP level 1. HP: 13/13 MP: 8/8
   550 | D:1      | Reached XP level 2. HP: 17/19 MP: 8/10
  1129 | D:1      | Found a faded altar of an unknown god.
  1223 | D:1      | Reached XP level 3. HP: 25/25 MP: 8/11
  1536 | D:1      | Learned a level 2 spell: Blink
  1539 | D:1      | Learned a level 2 spell: Call Imp
  1541 | D:1      | Learned a level 1 spell: Slow
  1545 | D:1      | Learned a level 3 spell: Conjure Flame
  1549 | D:1      | Learned a level 3 spell: Mephitic Cloud
  1804 | D:2      | Reached skill level 1 in Invocations
  1972 | D:2      | Reached skill level 1 in Fighting
  1972 | D:2      | Reached skill level 1 in Short Blades
  1972 | D:2      | Reached skill level 1 in Long Blades
  1972 | D:2      | Reached skill level 1 in Axes
  1972 | D:2      | Reached skill level 1 in Maces & Flails
  1972 | D:2      | Reached skill level 1 in Polearms
  1972 | D:2      | Reached skill level 1 in Staves
  1972 | D:2      | Reached skill level 1 in Ranged Weapons
  1972 | D:2      | Reached skill level 1 in Throwing
  1972 | D:2      | Reached skill level 1 in Armour
  1972 | D:2      | Reached skill level 1 in Shields
  1972 | D:2      | Reached skill level 1 in Unarmed Combat
  1972 | D:2      | Reached skill level 1 in Evocations
  2050 | D:2      | Reached XP level 4. HP: 32/32 MP: 7/13
  2101 | D:2      | Noticed Natasha
  2108 | D:2      | Killed Natasha
  2109 | D:2      | Reached skill level 1 in Hexes
  2109 | D:2      | Reached skill level 1 in Necromancy
  2109 | D:2      | Reached skill level 1 in Transmutations
  2109 | D:2      | Reached skill level 1 in Fire Magic
  2109 | D:2      | Reached skill level 1 in Ice Magic
  2109 | D:2      | Reached skill level 1 in Air Magic
  2109 | D:2      | Reached skill level 1 in Earth Magic
  2109 | D:2      | Reached skill level 1 in Poison Magic
  2466 | D:2      | Noticed Natasha
  2570 | D:2      | Killed Natasha
  2571 | D:2      | Reached XP level 5. HP: 20/37 MP: 5/14
  2792 | D:2      | Noticed Natasha
  2799 | D:2      | Killed Natasha
  3057 | D:3      | Slain by an orc

Illustrated notes

Levels and vault maps discovered:
D:1:      nzn_arrival_crosshair, layout_loops_ring,
          hellmonk_ecumenical_altar_crossroads, minmay_tripent
D:2:      layout_rooms, uniq_natasha
D:3:      layout_loops_ring, grunt_temple_overflow_champion_of_chaos,
          nzn_wu_jian_council_hall

Skill      XL: |  1  2  3  4 |
---------------+-------------+-----
Conjurations   | 2 |  2.4
Summonings     | 2 |  2.4
Translocations | 2 |  2.4
Invocations    | 1 |  1.8
Fighting       | 1 |  1.6
Short Blades   | 1 |  1.6
Long Blades    | 1 |  1.6
Axes           | 1 |  1.6
Maces & Flails | 1 |  1.6
Polearms       | 1 |  1.6
Staves         | 1 |  1.6
Ranged Weapons | 1 |  1.6
Throwing       | 1 |  1.6
Armour         | 1 |  1.6
Shields        | 1 |  1.6
Unarmed Combat | 1 |  1.6
Evocations     | 1 |  1.6
Hexes          | 1 |  1.2
Necromancy     | 1 |  1.2
Transmutations | 1 |  1.2
Fire Magic     | 1 |  1.2
Ice Magic      | 1 |  1.2
Air Magic      | 1 |  1.2
Earth Magic    | 1 |  1.2
Poison Magic   | 1 |  1.2
Dodging        | |  4.8
Stealth        | |  4.4
Spellcasting   | |  7.3

Action                   |  1- 3 |  4- 6 || total
-------------------------+-------+-------++-------
Melee: Dagger            |     9 |       ||     9
       Whip              |    32 |    26 ||    58
       Bite              |     5 |     2 ||     7
       Punch             |     1 |       ||     1
 Cast: Magic Dart        |    51 |    46 ||    97
       Blink             |       |     2 ||     2
       Call Imp          |       |     2 ||     2
  Use: Potion            |       |     2 ||     2
 Stab: Sleeping          |     3 |       ||     3
Armor: Robe              |    10 |     1 ||    11
Dodge: Dodged            |    26 |    36 ||    62

Table legend: (Time is in decaauts)
 A = Elapsed time spent in this place.
 B = Non-inter-level travel time spent in this place.
 C = Inter-level travel time spent in this place.
 D = Time resting spent in this place.
 E = Time spent auto-exploring this place.
 F = Levels seen in this place.
 G = Mean time per level.
                   A        B        C        D        E       F      G
               +--------+--------+--------+--------+--------+-----+--------+
         Total |   3070 |   2994 |     76 |   1504 |   1109 |   3 | 1023.3 |
       Dungeon |   3070 |   2994 |     76 |   1504 |   1109 |   3 | 1023.3 |
               +--------+--------+--------+--------+--------+-----+--------+

Top non-repeatable levels by time:
     D:1: 1943 daAuts
     D:2: 1088 daAuts
     D:3: 38 daAuts
